Map: Triton LE

Players

NYK - Winner!

  • Race: Zerg Zerg
  • League: Grandmaster
  • Spawn Location: 5:00

KAOZ

  • Race: Terran Terran
  • League: Grandmaster
  • Spawn Location: 11:00

VOD

Have the link to the VOD?

Description

Time

  • Played on: Jan. 12, 2020, 1:48 p.m.
  • Length: 19:46
Show
View Real Time Build Order
Export as new Build Order

NYK Zerg - Winner!

Build Orders: Hatch First 

Get SALT Encoding   

  12  0:01  Drone  
  13  0:13  Overlord  
  13  0:19  Drone  
  14  0:32  Drone  
  14  0:33  Drone  
  16  0:49  Hatchery  
  15  0:53  Drone  
  15  0:56  Drone  
  17  0:58  Drone  
  18  1:10  Extractor  
  17  1:14  Spawning Pool  
  17  1:16  Drone  
  17  1:20  Drone  
  18  1:29  Drone  
  19  1:42  Drone  
  20  1:50  Overlord  
  20  2:01  Queen x2  
  20  2:02  Zergling x4  
  26  2:12  Drone x2  
  26  2:13  Metabolic Boost  
  28  2:38  Hatchery  
  28  2:42  Drone x2  
  28  2:43  Drone x2  
  31  2:54  Overlord  
  31  2:58  Queen  
  33  3:00  Pneumatized Carapace  
  33  3:07  Drone x2  
  33  3:08  Drone  
  36  3:23  Overlord, Drone x2  
  36  3:24  Drone x3  
  41  3:33  Queen, Overlord  
  43  3:46  Zergling x6  
  43  3:48  Overlord  
  46  3:49  Zergling x6  
  46  3:54  Queen  
  50  4:07  Drone x7  
  57  4:14  Queen  
  59  4:21  Overlord  
  59  4:25  Drone  
  59  4:26  Drone x6  
  59  4:27  Drone  
  67  4:33  Spore Crawler  
  67  4:37  Extractor  
  65  4:39  Extractor  
  64  4:53  Queen, Evolution Chamber  
  64  4:56  Queen, Evolution Chamber  
  66  5:00  Overlord  
  66  5:01  Drone x9  
  66  5:02  Drone  
  76  5:19  Overlord x3  
  76  5:23  Zerg Ground Armor Level 1, Zerg Melee Weapons Level 1  
  76  5:29  Lair  
  76  5:33  Drone x4  
  76  5:35  Hatchery  
  79  5:37  Baneling Nest  
  78  5:47  Drone x3  
  78  5:48  Extractor, Zergling x10  
  85  5:56  Overlord  
  85  6:10  Zergling x10  
  85  6:11  Zergling x8  
  91  6:35  Drone  
  91  6:36  Centrifical Hooks  
  92  6:41  Drone  
  92  6:42  Drone x10  
  92  6:44  Queen  
  105  6:47  Hatchery  
  103  6:56  Baneling x8  
  103  6:57  Baneling  
  102  7:02  Overlord x2  
  102  7:03  Zergling x8  
  102  7:04  Zergling x8  
  110  7:19  Overlord x2  
  110  7:20  Overseer  
  110  7:22  Drone x9  
  119  7:26  Extractor  
  119  7:27  Infestation Pit  
  119  7:28  Zerg Ground Armor Level 2, Zerg Melee Weapons Level 2  
  117  7:30  Baneling x5  
  117  7:49  Overlord x2  
  117  7:50  Overlord  
  117  7:57  Zergling x34  
  117  7:58  Hatchery  
  133  7:59  Baneling x11  
  129  8:16  Baneling  
  129  8:17  Baneling x5  
  125  8:26  Zergling x22  
  125  8:27  Zergling x14  
  137  8:35  Zergling x10  
  137  8:41  Queen  
  142  8:44  Hive  
  142  8:47  Extractor  
  143  8:49  Hatchery  
  143  8:51  Queen x3  
  143  8:54  Zergling x10  
  143  8:55  Zergling x14  
  156  9:01  Overseer  
  156  9:04  Baneling x5  
  155  9:16  Queen  
  154  9:20  Zergling x24  
  154  9:21  Zergling x6  
  123  9:40  Zergling x6  
  123  9:41  Zergling x24  
  135  9:51  Zergling x14  
  141  10:00  Queen, Hatchery  
  141  10:05  Baneling x10  
  138  10:12  Zergling x18  
  138  10:13  Zergling x4  
  140  10:23  Ultralisk Cavern  
  140  10:25  Zerg Melee Weapons Level 3, Zerg Ground Armor Level 3  
  139  10:32  Spire  
  139  10:33  Drone x6  
  139  10:34  Drone x5  
  148  10:35  Overlord  
  148  10:36  Overlord x5  
  148  10:41  Baneling  
  148  10:42  Baneling x4  
  148  10:45  Overlord  
  148  10:46  Overlord x2  
  148  10:51  Overlord  
  148  10:52  Overlord  
  148  10:53  Overlord  
  148  10:54  Overlord  
  148  11:10  Drone x3  
  148  11:11  Drone x6  
  153  11:13  Ultralisk  
  153  11:15  Zergling x14  
  165  11:29  Baneling  
  165  11:30  Burrow, Baneling x7  
  165  11:38  Ultralisk x2  
  165  11:39  Chitinous Plating  
  165  12:01  Zergling x2  
  165  12:02  Zergling x52  
  165  12:03  Zergling x2  
  190  12:13  Ultralisk  
  185  12:22  Zergling x20  
  178  12:34  Extractor, Ultralisk  
  178  12:35  Ultralisk  
  189  12:39  Baneling x12  
  189  12:40  Baneling x5  
  189  12:43  Overseer x3  
  189  12:59  Extractor  
  189  13:04  Baneling x7  
  188  13:05  Corruptor  
  188  13:06  Corruptor x3  
  190  13:14  Hatchery  
  190  13:17  Corruptor x2  
  189  13:28  Zergling x20  
  189  13:29  Zergling x2  
  200  13:34  Overlord  
  200  13:35  Overlord  
  200  13:36  Overlord  
  200  13:50  Zerg Flyer Weapons Level 1, Anabolic Synthesis  
  199  14:10  Zergling x2  
  199  14:11  Zergling x2  
  190  14:22  Overlord x5  
  186  14:28  Ultralisk x3  
  197  14:33  Corruptor  
  199  14:49  Baneling x15  
  199  14:55  Corruptor  
  176  15:15  Ultralisk  
  176  15:16  Zergling x10  
  176  15:17  Zergling x36  
  195  15:30  Extractor  
  195  15:31  Ultralisk x2  
  195  15:32  Ultralisk x2  
  195  15:33  Corruptor  
  195  15:34  Corruptor x2  
  199  15:42  Baneling  
  199  15:43  Baneling x16  
  199  15:48  Zergling x2  
  200  15:52  Extractor  
  184  16:04  Zergling x38  
  173  16:05  Zergling x16  
  199  16:11  Overseer  
  199  16:15  Overlord x3  
  199  16:23  Baneling x2  
  199  16:24  Baneling x2  
  199  16:27  Spore Crawler  
  196  16:35  Zergling x8  
  200  16:48  Baneling  
  200  16:49  Baneling  
  199  16:56  Zergling x2  
  190  17:03  Overlord x5  
  190  17:04  Overseer x5  
  171  17:17  Zergling x38  
  171  17:18  Zergling x22  
  192  17:40  Zerg Missile Weapons Level 1  
  192  17:46  Zergling x6  
  192  17:47  Zergling x8  
  192  17:49  Baneling  
  192  17:50  Baneling x3  
  192  17:51  Baneling x8  
  197  18:16  Overlord x4  
  181  18:20  Corruptor x5  
  172  18:34  Zergling x22  
  172  18:35  Zergling x26  
  174  18:48  Ultralisk x3  
  158  18:57  Zergling x22  
  164  19:03  Baneling x10  
  164  19:04  Baneling  
  150  19:10  Baneling x10  
  148  19:26  Baneling x10  
Show
View Real Time Build Order
Export as new Build Order

KAOZ Terran 

Build Orders: Liberator Opening, Reaper Expand 

Get SALT Encoding   

  12  0:00  SCV  
  13  0:13  SCV  
  14  0:17  Supply Depot  
  14  0:25  SCV  
  15  0:38  SCV  
  15  0:39  Barracks  
  16  0:43  Refinery  
  16  0:50  SCV  
  17  1:02  SCV  
  18  1:15  SCV  
  19  1:26  Reaper  
  19  1:27  Orbital Command  
  20  1:43  Command Center  
  20  1:52  Supply Depot  
  21  1:54  SCV  
  21  1:59  Marine  
  22  2:06  SCV  
  23  2:10  Factory  
  23  2:18  SCV  
  23  2:20  Refinery  
  23  2:21  Barracks Reactor  
  24  2:30  SCV  
  25  2:42  SCV  
  26  2:54  SCV  
  26  2:55  Starport, Orbital Command  
  27  3:04  Hellion x2  
  31  3:06  SCV  
  31  3:07  Barracks Tech Lab  
  32  3:15  Supply Depot  
  32  3:18  SCV  
  32  3:19  Liberator  
  33  3:21  SCV  
  33  3:25  Hellion x2  
  38  3:30  Marine  
  38  3:31  SCV  
  38  3:33  SCV  
  44  3:43  SCV  
  44  3:44  Supply Depot  
  44  3:45  SCV  
  44  3:48  Marine  
  46  3:53  Hellion x2  
  51  3:56  SCV  
  51  3:58  Stimpack  
  53  4:02  SCV  
  53  4:06  Marine  
  53  4:08  SCV, Supply Depot  
  55  4:16  SCV  
  60  4:20  SCV, Viking  
  59  4:27  Factory Tech Lab  
  59  4:28  SCV  
  60  4:32  SCV, Command Center  
  60  4:34  Supply Depot  
  60  4:38  Marine  
  61  4:40  SCV  
  61  4:44  SCV  
  64  4:47  Siege Tank  
  64  4:52  SCV  
  68  4:56  SCV, Marine  
  70  5:01  Starport Reactor  
  70  5:04  SCV, Barracks  
  70  5:06  Barracks  
  71  5:07  Refinery  
  71  5:11  Supply Depot  
  71  5:12  SCV  
  72  5:16  SCV, Marine  
  74  5:22  Refinery  
  74  5:24  SCV  
  74  5:25  Engineering Bay x2  
  74  5:27  Siege Tank  
  78  5:33  SCV  
  79  5:36  SCV  
  79  5:39  Marine  
  79  5:40  Combat Shield  
  81  5:45  SCV  
  81  5:49  Starport Reactor  
  82  5:51  Barracks  
  82  5:52  Barracks  
  82  5:55  Terran Infantry Weapons Level 1, Terran Infantry Armor Level 1  
  82  5:57  SCV x2, Marine  
  85  6:04  Marine x3  
  85  6:05  Marine  
  85  6:06  Siege Tank  
  85  6:09  Orbital Command  
  92  6:13  SCV  
  93  6:19  SCV  
  93  6:21  Supply Depot  
  93  6:22  Supply Depot  
  94  6:26  Marine x4  
  94  6:27  Medivac  
  94  6:30  SCV  
  99  6:33  SCV  
  99  6:36  Marine  
  99  6:39  Orbital Command  
  101  6:43  SCV, Barracks Reactor x2  
  101  6:45  SCV  
  103  6:52  Marine x4  
  103  6:53  Siege Tank  
  99  6:55  SCV, Marauder  
  99  7:00  Medivac  
  104  7:04  Supply Depot  
  104  7:06  SCV, Supply Depot  
  105  7:12  Marine  
  105  7:13  Marine  
  105  7:15  SCV x2  
  109  7:18  SCV, Marine x2  
  109  7:20  Marine x3  
  115  7:29  Armory  
  115  7:30  Siege Tank, Marine  
  115  7:33  Marine x2  
  115  7:36  Marauder  
  123  7:43  SCV  
  124  7:44  Medivac x2  
  124  7:45  Marine x2  
  129  7:52  Marine  
  129  7:53  Marine  
  129  7:58  Marine x2, Marauder  
  134  7:59  SCV  
  134  8:01  Factory, Refinery  
  134  8:03  Refinery, Marine x2  
  134  8:04  Siege Tank  
  138  8:09  Marine x2  
  138  8:10  Marine  
  139  8:18  SCV x2, Marine x2  
  139  8:19  Medivac  
  140  8:24  Marine  
  141  8:36  Terran Infantry Weapons Level 2  
  141  8:37  Terran Vehicle Weapons Level 1  
  141  8:40  SCV x2, Medivac, Marine  
  146  8:41  Marine  
  146  8:42  Supply Depot x2, Marine x3  
  150  8:49  Marine x3  
  150  8:50  Siege Tank  
  150  8:54  Marine  
  149  8:58  Marine  
  149  8:59  Marine x2  
  149  9:00  Marine x2  
  154  9:03  Medivac  
  154  9:09  Marine x2  
  156  9:12  SCV  
  156  9:15  Medivac  
  160  9:17  Marine x4  
  134  9:32  Marine x2  
  127  9:40  Siege Tank, Marine x2  
  127  9:41  Marine x2  
  127  9:42  Marine x2  
  130  9:47  Marine  
  130  9:50  Marine x2  
  130  9:51  Medivac x2  
  130  9:52  SCV  
  138  9:53  Factory Reactor  
  138  9:57  Command Center  
  138  9:58  Marine x4  
  142  10:00  Marine  
  142  10:06  Marine x2  
  136  10:08  Marine x2  
  136  10:09  SCV  
  136  10:14  Barracks  
  136  10:15  Barracks x2  
  136  10:16  Marine x2  
  136  10:19  Marine x2  
  128  10:24  Marine x3  
  128  10:25  Siege Tank, Medivac x2  
  134  10:29  Marine x2  
  134  10:34  Marine x2  
  132  10:38  SCV  
  132  10:41  Marine x2  
  136  10:48  Terran Infantry Armor Level 2  
  136  10:49  Terran Vehicle Weapons Level 2  
  134  10:57  Terran Infantry Weapons Level 3  
  134  11:03  Barracks Tech Lab x3  
  134  11:06  SCV  
  134  11:07  Marine x3  
  134  11:08  Marine x5  
  134  11:10  Marine  
  143  11:24  Siege Tank, Marauder  
  143  11:25  Marine x2  
  143  11:26  Widow Mine x2  
  146  11:35  Marine x4, Marauder  
  146  11:36  Marauder x2  
  156  11:42  Marine x2  
  156  11:44  Marine  
  156  11:45  Marauder  
  162  11:54  Widow Mine x2  
  162  11:57  Marauder  
  162  12:04  Marine  
  162  12:05  Marine x2, Marauder  
  162  12:07  Widow Mine, Marauder  
  165  12:09  Marine  
  160  12:16  Widow Mine  
  160  12:17  Marine x2  
  160  12:18  Marauder  
  139  12:23  SCV  
  139  12:24  Marine  
  139  12:25  Marine  
  139  12:26  Marauder  
  139  12:27  Marine  
  139  12:28  Marauder  
  145  12:32  Marine  
  145  12:33  Marauder  
  145  12:34  Widow Mine  
  150  12:37  Marine x2  
  150  12:39  Marine, Marauder  
  150  12:43  Marine x2  
  157  12:46  Siege Tank  
  157  12:48  Marauder, Planetary Fortress  
  157  12:49  Marauder  
  163  12:54  Marauder  
  163  12:57  Sensor Tower, Marine  
  168  12:58  Widow Mine  
  168  12:59  Widow Mine  
  168  13:01  Marauder  
  168  13:04  Marine  
  173  13:08  Marine x3  
  173  13:09  Marauder  
  173  13:11  Marauder  
  180  13:13  SCV  
  180  13:15  Marine x2, Marauder  
  185  13:21  Command Center  
  185  13:22  Supply Depot, Marauder  
  187  13:34  Refinery x2  
  187  13:40  Command Center  
  187  13:42  Supply Depot  
  187  13:44  Siege Tank, Widow Mine x2, Marauder  
  187  13:45  Terran Vehicle Weapons Level 3, Sensor Tower  
  187  13:46  Ghost Academy  
  196  13:56  Ghost Academy  
  196  13:58  Ghost Academy  
  196  14:04  Marauder x2  
  196  14:07  Missile Turret  
  196  14:08  Missile Turret  
  200  14:16  Marine x2, Marauder  
  200  14:17  Marine x2, Marauder  
  184  14:19  Widow Mine x2  
  180  14:25  Marauder x2  
  180  14:27  Marine  
  177  14:31  Siege Tank  
  180  14:41  Widow Mine x2  
  184  14:48  Medivac x2  
  188  14:54  Nuke, Personal Cloaking, Enhanced Shockwaves  
  188  14:59  Marine  
  188  15:00  Marine x2, Marauder  
  171  15:18  Marine  
  171  15:19  Marine x2, Marauder x3  
  171  15:20  Widow Mine  
  171  15:21  Siege Tank, Widow Mine, Marine  
  168  15:22  Marauder  
  168  15:27  Marine  
  170  15:32  Marine  
  143  15:40  Marauder  
  143  15:41  SCV, Marauder x2  
  148  15:44  Widow Mine  
  148  15:45  Widow Mine  
  152  15:50  Marine x2  
  152  15:51  Marauder  
  145  15:57  Marine  
  145  16:00  Marine x2  
  145  16:02  Marauder x3  
  150  16:08  Siege Tank, Widow Mine  
  150  16:09  Widow Mine  
  157  16:12  Marine, Marauder  
  157  16:17  Marine x3  
  163  16:21  Marine x2  
  163  16:22  Marine  
  163  16:23  Marauder x3  
  172  16:26  Marine  
  172  16:27  Medivac  
  172  16:30  Widow Mine  
  175  16:33  Marine, Marauder  
  175  16:34  Marine  
  175  16:35  Marine  
  175  16:38  Marine  
  175  16:39  Orbital Command  
  181  16:45  Marauder x3  
  187  16:48  Marine x2  
  187  16:49  SCV  
  186  16:55  Marauder  
  183  17:04  Widow Mine  
  183  17:06  Marauder x2  
  178  17:10  Marine  
  178  17:11  Marine x2, Marauder  
  178  17:14  Marine x2  
  165  17:15  Marine  
  165  17:16  Marauder  
  158  17:23  Marine x2  
  158  17:25  Widow Mine  
  158  17:27  Marauder x2  
  158  17:32  Marauder  
  160  17:37  Marauder  
  160  17:40  Marine x3  
  160  17:41  Marine  
  166  17:47  Siege Tank, Marine  
  166  17:49  Marauder x2  
  174  17:52  Marine  
  174  17:53  Marine  
  174  17:54  Marauder  
  174  17:56  Orbital Command  
  177  17:59  Marauder  
  177  18:04  Marine x2  
  169  18:08  Marine x2  
  169  18:10  Marauder x2  
  169  18:12  SCV  
  176  18:15  Marauder  
  176  18:18  Marine x2  
  173  18:20  Marauder  
  155  18:27  Marine x2  
  155  18:28  Marine  
  155  18:29  Medivac  
  155  18:31  Marauder  
  155  18:32  Marauder  
  159  18:34  Marine  
  159  18:36  Marauder  
  159  18:38  Marine  
  159  18:41  Marine  
  125  18:42  Marauder  
  125  18:43  Marine  
  116  18:51  Marine  
  116  18:53  Marauder x2  
  116  18:55  Marine  
  115  18:57  Marine  
  115  18:58  Marauder  
  115  19:01  Marine  
  117  19:03  Marauder  
  117  19:08  SCV  
  119  19:13  Marine  
  120  19:21  Marauder  
Tags
 
Add a new tag
Caveats
  • Supply blocks, unpowered buildings, or Contaminate may cause inaccurate times.
  • Supply counts are checked every 10 seconds.